 Dungeon Crawl Stone Soup version 0.23.2-1-ga50397a (webtiles) character file.

Game seed: 10039336832596907024

87 redwoodhats the Sneak (level 4, 0/31 HPs)
             Began as an Octopode Monk on May 24, 2019.
             Slain by Grinder (6 damage)
             ... while paralysed by Grinder
             ... on level 3 of the Dungeon.
             The game lasted 00:09:26 (1951 turns).

redwoodhats the Sneak (Octopode Monk)               Turns: 1951, Time: 00:09:27

Health: 0/31       AC:  1    Str: 11    XL:     4   Next: 51%
Magic:  4/4        EV:  2    Int: 12    God:
Gold:   111        SH:  0    Dex: 14    Spells: 3/3 levels left

rFire    . . .     SeeInvis .   c - +2 dagger (elec)
rCold    . . .     Gourm    .   (no shield)
rNeg     . . .     Faith    .   (helmet restricted)
rPois    .         Spirit   .   (no amulet)
rElec    .         Reflect  .   (no ring)
rCorr    .         Harm     .   (no ring)
MR       .....                  (no ring)
Stlth    ++++......             (no ring)
HPRegen  0.10/turn              (no ring)
MPRegen  0.09/turn              (no ring)
                                (no ring)
                                (no ring)

@: paralysed
A: almost no armour, stealthy swim, amphibious, 8 rings, constrict 8, camouflage
1, gelatinous body 1
a: no special abilities


You were on level 3 of the Dungeon.
You were not hungry.

You visited 1 branch of the dungeon, and saw 3 of its levels.

You collected 111 gold pieces.

Inventory:

Hand Weapons
 a - a +0 spear
 c - a +2 dagger of electrocution (weapon)
Missiles
 e - 6 tomahawks (quivered)
Scrolls
 d - 2 scrolls of fear
 f - a scroll of teleportation {unknown}
 h - 2 scrolls of fog
 m - a scroll of identify
Potions
 g - 2 potions of agility {unknown}
 i - a potion of heal wounds {unknown}
 j - a potion of brilliance {unknown}
 k - a potion of magic {unknown}
 l - a potion of ambrosia {unknown}
 n - a potion of curing {unknown}
Comestibles
 b - 4 rations


   Skills:
 + Level 3.4 Fighting
 + Level 0.8 Short Blades
 + Level 3.8 Polearms
 + Level 3.4 Dodging
 + Level 4.0 Stealth


You had 3 spell levels left.
You didn't know any spells.
Your spell library was empty.

Dungeon Overview and Level Annotations

Branches:
Dungeon (3/15)

Altars:

Annotations:
D:3 Grinder


Innate Abilities, Weirdness & Mutations

You cannot wear most types of armour.
You are very stealthy in the water. (Stealth+)
You are amphibious.
You can wear up to eight rings at the same time.
You can use your tentacles to constrict eight enemies at once.
Your skin changes colour to match your surroundings (Stealth+).
Your rubbery body absorbs attacks. (AC +1, EV +1)


Message History

Grinder blinks!
You can move again.
You see here a green potion.
g - 2 green potions (gained 1) Throwing (i - inventory)
e - 7 tomahawks (quivered)
Press: ? - help, Shift-Dir - straight line, f - Grinder
Aim: Grinder You throw a tomahawk.
The tomahawk hits Grinder but does no damage.
Grinder gestures at you.
You suddenly lose the ability to move!
Grinder gestures at you. You resist with significant effort. Grinder hits you!
You writhe in agony.
Grinder gestures at you. Pain shoots through your body! Grinder hits you.
You writhe in agony.
* * * LOW HITPOINT WARNING * * *
Grinder hits you.
You die...

..### #...###### ....#
##..##...# ....#
#..##...###+####
....######.##...........
........##>.'...........
........#####...........
........# #...........
........# #...........
........# #...@5(.....
........# #.....P.....
........# #...%P......
........# #..PP.......
........# ###.........
........# ##........
######### #........
#........ #########


You could see Grinder.

Vanquished Creatures
  3 adders (D:2)
  3 worms (D:2)
  A dart slug (D:1)
  3 leopard geckos
  A ball python (D:1)
  6 goblins
  7 hobgoblins
  7 kobolds
  A quokka (D:2)
  2 bats (D:1)
  3 frilled lizards (D:2)
  A leopard gecko skeleton (D:3)
  10 rats
48 creatures vanquished.

Notes
Turn   | Place    | Note
-------+----------+-------------------------------------------
     0 | D:1      | redwoodhats the Octopode Monk began the quest for the Orb.
     0 | D:1      | Reached XP level 1. HP: 16/16 MP: 1/1
    82 | D:1      | Reached XP level 2. HP: 14/21 MP: 2/2
   780 | D:2      | Reached skill level 3 in Stealth
   848 | D:2      | Reached XP level 3. HP: 23/26 MP: 3/3
  1359 | D:2      | Reached XP level 4. HP: 31/31 MP: 4/4
  1832 | D:3      | Reached skill level 4 in Stealth
  1935 | D:3      | Noticed Grinder
  1937 | D:3      | Paralysed by Grinder for 2 turns
  1945 | D:3      | Paralysed by Grinder for 7 turns
  1951 | D:3      | Slain by Grinder

Skill      XL: |  1  2  3  4 |
---------------+-------------+-----
Stealth        | 3 4 |  4.0
Fighting       | |  3.4
Short Blades   | |  0.8
Polearms       | |  3.8
Dodging        | |  3.4

Action                   |  1- 3 |  4- 6 || total
-------------------------+-------+-------++-------
Melee: Spear             |    32 |       ||    32
       Constrict         |    15 |     7 ||    22
       Tentacles         |     8 |     4 ||    12
       Dagger            |    36 |    24 ||    60
Throw: Tomahawk          |       |     1 ||     1
  Use: Scroll            |     2 |       ||     2
       Potion            |     2 |       ||     2
 Stab: Sleeping          |     7 |     3 ||    10
  Eat: Ration            |     1 |       ||     1
Armor: Skin              |     2 |       ||     2
Dodge: Dodged            |    29 |    13 ||    42
